 Dungeon Crawl Stone Soup version 0.29-a0-892-g2c4c91d9db (webtiles) character file.

Game seed: 79254620249469718

99257 pirdx the Unseen (level 15, -1/77 HPs)
             Began as a Spriggan Enchanter on July 23, 2022.
             Was the Champion of Dithmenos.
             Slain by a stone giant (29 damage)
             ... on level 11 of the Dungeon.
             The game lasted 01:01:51 (25316 turns).

pirdx the Unseen (Spriggan Enchanter)              Turns: 25316, Time: 01:01:51

Health: -1/77      AC: 15    Str: 10    XL:     15   Next: 77%
Magic:  29/35      EV: 25    Int: 18    God:    Dithmenos [******]
Gold:   1807       SH:  0    Dex: 16    Spells: 7/45 levels left

rFire   + . .      SeeInvis +   x - +1 dagger (protect)
rCold   + + .      Faith    .   (no shield)
rNeg    . . .      Spirit   .   z - +2 robe {rF+}
rPois   +          Reflect  .   s - +0 hat
rElec   .          Harm     .   S - +1 cloak {Stlth+}
rCorr   .          Rampage  .   (gloves unavailable)
Will    +....                   (boots unavailable) Stlth ******++++
                                p - amulet of regeneration
HPRegen 1.02/turn               o - ring of Peutoid {+Blink rPois Slay+4}
MPRegen 0.24/turn               I - ring "Afofru" {rC+ Will+ Stlth+}

@: mighty, weak-willed, under a protective aura, wreathed by umbra, very quick
A: very small, no large weapons, unfitting armour, see invisible, speed 3,
talons 1, iridescent scales 1, cold resistance 1
a: Renounce Religion, Evoke Blink, Shadow Step, Shadow Form


You were on level 11 of the Dungeon.
You worshipped Dithmenos.
Dithmenos was exalted by your worship.
You visited 4 branches of the dungeon, and saw 23 of its levels.

You collected 2908 gold pieces.
You spent 1101 gold pieces at shops.

Inventory:

Hand Weapons
 a - a +2 dagger
 f - a +1 short sword of venom
 m - a +2 rapier of venom
 t - the +2 dagger "Idwaokk" {vorpal, rPois Will+ Str-3}
   (You found it on level 6 of the Dungeon)

   It inflicts extra damage upon your enemies.
   Str:       It affects your strength (-3).
   rPois:     It protects you from poison.
   Will:      It increases your willpower.
 x - a +1 dagger of protection (weapon)
 X - a +3 dagger
 Y - a +2 dagger of speed
Missiles
 c - 2 throwing nets
 r - 34 poisoned darts (quivered)
 N - 3 curare-tipped darts
Armour
 s - a +0 hat (worn)
 z - a +2 robe of fire resistance (worn)
 M - the +4 robe of Folly {Brilliance Will-∞ Int+8}
   (You found it on level 2 of the Lair of Beasts)

   It increases the power of your magical spells.
   It halves the magic cost of your spells (rounding up).
   It reduces your willpower to zero.
   Int:       It affects your intelligence (+8).
 S - a +1 cloak of stealth (worn)
Jewellery
 b - the ring "Cehar" {rC+ Stlth+}
   (You found it on level 4 of the Lair of Beasts)

   [ring of protection from cold]

   rC:        It protects you from cold.
   Stlth:     It makes you more stealthy.
 k - a ring of fire
 o - the ring of Peutoid (left hand) {+Blink rPois Slay+4}
   (You found it on level 4 of the Dungeon)

   [ring of slaying]

   Slay:      It affects your accuracy & damage with ranged weapons and melee
   (+4).
   rPois:     It protects you from poison.
   +Blink:    It lets you blink.
 p - an amulet of regeneration (around neck)
 F - a ring of wizardry
 H - an amulet of the acrobat
 I - the ring "Afofru" (right hand) {rC+ Will+ Stlth+}
   (You found it on level 11 of the Dungeon)

   [ring of willpower]

   rC:        It protects you from cold.
   Will:      It increases your willpower.
   Stlth:     It makes you more stealthy.
Wands
 i - a wand of flame (45)
 l - a wand of mindburst (42)
 q - a wand of paralysis (11)
 y - a wand of polymorph (2)
 T - a wand of digging (2)
Scrolls
 B - 2 scrolls of enchant weapon
 C - 11 scrolls of identify
 D - 4 scrolls of fog
 G - 6 scrolls of blinking
 J - 3 scrolls of fear
 K - 2 scrolls of enchant armour
 L - 4 scrolls of teleportation
 P - a scroll of amnesia
 Q - a scroll of summoning
 R - a scroll of magic mapping
 U - 4 scrolls of poison
Potions
 d - 5 potions of might
 e - 4 potions of heal wounds
 g - 2 potions of brilliance
 h - 6 potions of resistance
 j - a potion of magic
 n - 3 potions of flight
 u - 2 potions of haste
 v - 13 potions of curing
 w - 6 potions of lignification
 A - a potion of berserk rage
 E - 3 potions of cancellation
 O - 10 potions of ambrosia
 W - a potion of mutation


   Skills:
 + Level 8.2 Fighting
 + Level 10.9 Short Blades
 + Level 12.9 Dodging
 + Level 19.7 Stealth
 + Level 15.9 Spellcasting
 * Level 17.8 Hexes


You had 7 spell levels left.
You knew the following spells:

 Your Spells              Type           Power      Damage    Failure   Level
a - Ensorcelled Hibernat  Hex/Ice        92%        N/A       1%          2
b - Tukima's Dance        Hex            68%        N/A       0%          3
c - Dazzling Flash        Conj/Hex       92%        N/A       1%          3
d - Confusing Touch       Hex            68%        N/A       0%          3
e - Summon Guardian Gole  Hex/Summ       46%        N/A       1%          3
f - Blink                 Tloc           28%        N/A       7%          2
g - Enfeeble              Hex            34%        N/A       2%          7
h - Stone Arrow           Conj/Erth      28%        3d8       13%         3
i - Cause Fear            Hex            34%        N/A       1%          4
j - Discord               Hex            34%        N/A       19%         8

Your spell library contained the following spells:

 Spells                   Type           Power      Damage    Failure   Level
 Inner Flame              Hex/Fire       46%        N/A       1%          3
 Portal Projectile        Hex/Tloc       92%        N/A       1%          3
 Anguish                  Hex/Necr       23%        N/A       1%          4
 Fulminant Prism          Conj/Hex       23%        3d13      1%          4
 Apportation              Tloc           28%        N/A       4%          1
 Magic Dart               Conj           56%        1d5       4%          1
 Sandblast                Erth           28%        2d8       4%          1
 Summon Small Mammal      Summ           56%        N/A       4%          1
 Passwall                 Tmut/Erth      11%        N/A       7%          2
 Scorch                   Fire           28%        2d6       7%          2
 Searing Ray              Conj           28%        2d5       7%          2
 Static Discharge         Conj/Air       14%        3-5/arc   7%          2
 Call Canine Familiar     Summ           14%        N/A       13%         3
 Frozen Ramparts          Ice            28%        1d4       13%         3
 Flame Wave               Conj/Fire      14%        2d6       41%         4
 Ice Form                 Ice/Tmut       14%        N/A       41%         4
 Iskenderun's Mystic Bla  Conj/Tloc      14%        2d5       41%         4
 Summon Ice Beast         Ice/Summ       14%        N/A       41%         4
 Summon Lightning Spire   Summ/Air       14%        N/A       41%         4
 Blade Hands              Tmut           7%         N/A       77%         5
 Lee's Rapid Deconstruct  Erth           7%         3d7*      77%         5
 Lightning Bolt           Conj/Air       7%         1d19      77%         5
 Manifold Assault         Tloc           14%        N/A       77%         5
 Summon Forest            Summ/Tloc      7%         N/A       77%         5
 Dispersal                Tloc           7%         N/A       100%        6
 Eringya's Noxious Bog    Tmut/Pois      7%         N/A       100%        6
 Summon Cactus Giant      Summ           7%         N/A       100%        6
 Storm Form               Tmut/Air       7%         N/A       100%        7
 Summon Hydra             Summ           7%         N/A       100%        7
 Disjunction              Tloc           7%         N/A       100%        8
 Maxwell's Capacitive Co  Air            7%         ∞         100%        8


Dungeon Overview and Level Annotations

Branches:
Dungeon (15/15)            Temple (1/1) D:4            Lair (5/5) D:10
  Swamp (0/4) Lair:3       Spider (0/4) Lair:2        Slime (0/5) Lair:5
    Orc (2/2) D:9             Elf (0/3) Orc:2        Vaults (0/5) D:13
 Depths (0/4) D:15

Altars:
Ashenzari
Cheibriados
Dithmenos
Elyvilon
Fedhas
Gozag
Hepliaklqana
Kikubaaqudgha
Makhleb
Nemelex Xobeh
Okawaru
Qazlal
Ru
Sif Muna
Trog
Uskayaw
Vehumet
Wu Jian
Xom
Yredelemnul
Zin
The Shining One
Jiyva
Lugonu

Shops:
D:1 =   D:7 :   D:8 [=![   D:9 ([   D:11 (   D:12 (*   Orc:2 *(**

Portals:
Abyss: Lair:5

Annotations:
Lair:5 2 transporters, CannotBeFrozen's ghost, journeyman DgWr


Innate Abilities, Weirdness & Mutations

You are very small and have problems with some larger weapons.
You are too small for most types of armour.
You have supernaturally acute eyesight. (SInv)
You cover ground extremely quickly. (Speed+++)
You have sharp toenails.
You are partially covered in iridescent scales. (AC +2)
Your flesh is cold resistant. (rC+)


Message History

The stone giant shouts, "YES!"
The stone giant completely misses you. The frost giant closely misses you.
You hit the frost giant but do no damage.
Your weapon exudes an aura of protection.
You claw the frost giant.
The frost giant is almost dead.
Your shadow hits the frost giant but does no damage.
You hit the frost giant.
You kill the frost giant!
Dithmenos accepts your kill. The stone giant hits you!!
You hear a shout!
You are too injured to fight recklessly!
You are too injured to fight recklessly!
You are too injured to fight recklessly!
You are too injured to fight recklessly!
You are too injured to fight recklessly!
You hit the stone giant. You claw the stone giant!
The stone giant is lightly wounded.
You hear a bellow!
You hear an angry buzzing noise.
You hit the stone giant but do no damage.
You claw the stone giant, but do no damage.
The stone giant is lightly wounded.
The stone giant misses you.
You puncture the stone giant!
You claw the stone giant, but do no damage.
The stone giant is moderately wounded.
Your shadow hits the stone giant but does no damage.
You hit the stone giant but do no damage.
The stone giant is moderately wounded.
Your shadow hits the stone giant but does no damage.
The stone giant completely misses you.
You hit the stone giant. You claw the stone giant!
The stone giant is moderately wounded.
Your shadow hits the stone giant but does no damage.
You hit the stone giant but do no damage.
You claw the stone giant.
The stone giant is moderately wounded.
The stone giant hits you!!
You die...

##.......######..##.####......
#........#....##..### #..####
###..........#......## ##.# #.
#....#......###......####..# ##
###..........##........#..^###.
##........).#........#...##..
###########............##...
#)#..#.#.C.................
#.#..##.##@.<..............
#.#..#C#.#.................
#.#.#)#..#.................
#..#.#.###............#....
#.#C#.#..#.......#...##.... .
##.#...###.......#######...
.######.#.###.(#........#...#....
..Y..#.#.....###........#........
#.Y.#.#.#####..#.............#...


You could see a stone giant (confused, weak-willed).

Vanquished Creatures
  A frost giant (D:11)
  A balrug (Orc:1)
  A stone giant (D:15)
  Nessos (D:14)
  An ettin (shapeshifter) (D:14)
  An ettin (D:11)
  A fire dragon (shapeshifter) (D:11)
  13 hydras
  3 boulder beetles
  A vault guard (D:13)
  5 centaur warriors
  4 two-headed ogres
  9 death yaks
  6 tengu warriors
  3 thrashing horrors (Lair:5)
  2 orc high priests
  Urug (Lair:4)
  Nergalle (Orc:1)
  4 large abominations (Lair:5)
  Lodul (D:11)
  A harpy (shapeshifter) (D:14)
  Pikel (D:8)
  A lindwurm (Lair:5)
  A bog body (Lair:3)
  A deep elf pyromancer (D:11)
  5 orc knights
  15 ugly things
  A manticore (D:14)
  4 oklob plants
  3 orc sorcerers
  9 cyclopes
  4 black mambas
  13 elephants
  Joseph (D:9)
  A torpor snail (Lair:4)
  A gargoyle (D:11)
  A smoke demon (Lair:5)
  4 cane toads
  A kobold demonologist (D:12)
  A rime drake (shapeshifter) (D:15)
  3 unseen horrors
  Psyche (D:8)
  A yaktaur (D:11)
  A rime drake (Lair:2)
  4 komodo dragons
  A komodo dragon (shapeshifter) (Lair:5)
  A queen bee (D:14)
  An efreet (D:14)
  A tengu conjurer (D:14)
  A queen bee (shapeshifter) (D:15)
  An ancient zyme (Lair:5)
  5 trolls
  A hornet (D:9)
  6 meliai
  4 slime creatures (D:12)
  A polar bear (Lair:2)
  Prince Ribbit (D:5)
  Grinder (D:5)
  7 dream sheep (Lair:5)
  13 blink frogs
  A jumping spider (Lair:2)
  3 wraiths
  40 yaks
  5 wyverns
  2 culicivoras (Lair:2)
  A shadow (D:11)
  A vampire (D:10)
  2 ynoxinuls (Lair:5)
  5 basilisks (Lair:5)
  A redback (shapeshifter) (D:11)
  15 vampire mosquitoes
  A golden eye (shapeshifter) (Lair:5)
  A redback (Lair:2)
  2 chaos spawn (Lair:5)
  5 wargs
  2 swamp worms (Lair:3)
  9 water moccasins
  2 ice beasts
  6 black bears
  35 orc warriors
  A sky beast (D:8)
  12 ogres
  4 wolves (Lair:1)
  9 centaurs
  3 kobold brigands
  A necrophage (D:7)
  9 bullfrogs
  A gnoll sergeant (D:13)
  4 wights
  27 killer bees
  9 howler monkeys
  3 electric eels
  4 hounds
  11 jellies
  Crazy Yiuf (D:5)
  11 orc priests
  3 gnoll boudas
  An iguana (D:7)
  Natasha (thrice) (D:4)
  23 orc wizards
  5 small abominations (Lair:5)
  7 adders
  14 gnolls
  2 white imps
  A howler monkey simulacrum (D:11)
  A worm (D:3)
  A dart slug (D:1)
  69 orcs
  16 endoplasms
  4 giant cockroaches
  5 goblins
  9 hobgoblins
  14 kobolds
  6 quokkas
  6 ball pythons
  3 bats
  4 frilled lizards
  4 rats
634 creatures vanquished.

Vanquished Creatures (collateral kills)
  Erica (D:8)
  An orc knight (Orc:1)
  Maggie (D:9)
  2 spriggans (Lair:5)
  7 orc warriors
  2 ogres (Orc:2)
  A centaur (Orc:2)
  A gnoll sergeant (D:7)
  4 wights (D:8)
  2 orc wizards
  7 gnolls
  13 orcs
42 creatures vanquished.

Vanquished Creatures (others)
  2 death yaks (Lair:5)
  20 dancing weapons
  An orc (Orc:2)
  13 fungi
  8 plants
44 creatures vanquished.

Grand Total: 720 creatures vanquished

Notes
Turn   | Place    | Note
-------+----------+-------------------------------------------
     0 | D:1      | pirdx the Spriggan Enchanter began the quest for the Orb.
     0 | D:1      | Reached XP level 1. HP: 9/9 MP: 5/5
   242 | D:1      | Found Igolomn's Jewellery Boutique.
   470 | D:1      | Reached XP level 2. HP: 13/13 MP: 7/7
   473 | D:1      | Learned a level 2 spell: Ensorcelled Hibernation
  1271 | D:1      | Gained mutation: You have large cloven feet. [potion of
                  | mutation]
  1271 | D:1      | Gained mutation: You are agile. (Dex +4, Str/Int -1)
                  | [potion of mutation]
  1271 | D:1      | Gained mutation: You have hidden genetic defects. [potion
                  | of mutation]
  1271 | D:1      | Gained mutation: Your muscles are strong. (Str +4, Int/Dex
                  | -1) [potion of mutation]
  1327 | D:1      | Found a faded altar of an unknown god.
  1522 | D:2      | Reached XP level 3. HP: 7/16 MP: 6/9
  1540 | D:2      | Gained mutation: You are occasionally teleported next to
                  | monsters. [hidden defects]
  2031 | D:2      | Gained mutation: You are frail. (-10% HP) [hidden defects]
  2031 | D:2      | Lost mutation: You have hidden genetic defects. [hidden
                  | defects expressed]
  2800 | D:3      | Reached XP level 4. HP: 4/18 MP: 1/11
  3066 | D:3      | Found a sparkling altar of Nemelex Xobeh.
  3548 | D:4      | Found a hide-covered altar of Uskayaw.
  3549 | D:4      | Found a white marble altar of Elyvilon.
  3549 | D:4      | Found a bloodstained altar of Trog.
  3550 | D:4      | Found a radiant altar of Vehumet.
  3594 | D:4      | Found a sacrificial altar of Ru.
  3608 | D:4      | Reached skill level 5 in Hexes
  3768 | D:4      | Noticed Natasha
  3774 | D:4      | Killed Natasha
  3775 | D:4      | Reached XP level 5. HP: 21/21 MP: 13/13
  3785 | D:4      | Reached skill level 5 in Spellcasting
  3793 | D:4      | Reached skill level 5 in Stealth
  3811 | D:4      | Identified the ring of Peutoid {+Blink rPois Slay+4}
  3980 | D:4      | Found a staircase to the Ecumenical Temple.
  3989 | Temple   | Entered the Ecumenical Temple
  4457 | D:4      | Noticed Natasha
  4468 | D:4      | Killed Natasha
  4623 | D:5      | Entered Level 5 of the Dungeon
  4632 | D:5      | Learned a level 3 spell: Tukima's Dance
  4636 | D:5      | Learned a level 3 spell: Confusing Touch
  4640 | D:5      | Learned a level 3 spell: Dazzling Flash
  4644 | D:5      | Learned a level 3 spell: Summon Guardian Golem
  4707 | D:5      | Reached XP level 6. HP: 25/25 MP: 1/15
  4733 | D:5      | Noticed Grinder
  4754 | D:4      | Noticed Natasha
  4755 | D:4      | Killed Natasha
  5153 | D:5      | Reached skill level 6 in Stealth
  5163 | D:5      | Found a runed translucent door.
  5164 | D:5      | Noticed Crazy Yiuf
  5171 | D:5      | Killed Crazy Yiuf
  5284 | D:5      | Noticed Prince Ribbit
  5288 | D:5      | Killed Prince Ribbit
  5289 | D:5      | Reached skill level 7 in Stealth
  5289 | D:5      | Reached XP level 7. HP: 28/28 MP: 14/17
  5430 | D:5      | Killed Grinder
  6074 | D:6      | Reached skill level 8 in Stealth
  6265 | D:6      | Found an opulent altar of Gozag.
  6294 | D:6      | Identified the +2 dagger "Idwaokk" {vorpal, rPois Will+
                  | Str-3}
  6481 | D:6      | Reached XP level 8. HP: 32/32 MP: 20/20
  6616 | D:7      | Reached skill level 9 in Stealth
  6696 | D:7      | Reached skill level 10 in Stealth
  6838 | D:7      | Reached XP level 9. HP: 34/35 MP: 10/22
  7165 | D:7      | Found Resullam's Book Shop.
  7292 | D:7      | Reached skill level 11 in Stealth
  7389 | D:7      | Found a blossoming altar of Fedhas.
  7509 | D:8      | Noticed Erica
  7510 | D:8      | Noticed Pikel
  7516 | D:8      | Killed Pikel
  7517 | D:8      | Reached skill level 10 in Hexes
  7527 | D:8      | Killed Erica
  7528 | D:8      | Reached skill level 12 in Stealth
  7528 | D:8      | Reached skill level 10 in Spellcasting
  7529 | D:8      | Found Mobyq's Jewellery Shop.
  7691 | D:8      | Found Voje's Armour Shop.
  7704 | D:8      | Reached XP level 10. HP: 38/39 MP: 21/25
  7830 | D:8      | Found Jele's Antique Armour Emporium.
  7833 | D:8      | Noticed Psyche
  7841 | D:8      | Killed Psyche
  7842 | D:8      | Reached skill level 13 in Stealth
  8010 | D:8      | Found Reodit's Distillery.
  8013 | D:8      | Bought a potion of flight for 33 gold pieces
  8013 | D:8      | Bought a potion of heal wounds for 55 gold pieces
  8013 | D:8      | Bought a potion of curing for 33 gold pieces
  8013 | D:8      | Bought a potion of resistance for 110 gold pieces
  8123 | D:8      | Found a hazy altar of Hepliaklqana.
  8610 | D:9      | Identified the +0 robe "Mienu" {rCorr Int+2}
  8652 | D:9      | Lost mutation: You are agile. (Dex +4, Str/Int -1) [potion
                  | of mutation]
  8652 | D:9      | Lost mutation: You are frail. (-10% HP) [potion of
                  | mutation]
  8652 | D:9      | Gained mutation: You possess an exceptional clarity of
                  | mind. [potion of mutation]
  8652 | D:9      | Gained mutation: You have hoof-like feet. [potion of
                  | mutation]
  8652 | D:9      | Gained mutation: You have a somewhat thin skeletal
                  | structure. (Dex +2, Stealth+) [potion of mutation]
  8653 | D:9      | Lost mutation: Your muscles are strong. (Str +4, Int/Dex
                  | -1) [potion of mutation]
  8653 | D:9      | Lost mutation: You have hoof-like feet. [potion of
                  | mutation]
  8653 | D:9      | Lost mutation: You have a somewhat thin skeletal structure.
                  | (Dex +2, Stealth+) [potion of mutation]
  8653 | D:9      | Gained mutation: You occasionally lose the ability to drink
                  | potions when taking damage. [potion of mutation]
  8653 | D:9      | Gained mutation: Potions are less effective at restoring
                  | your health. [potion of mutation]
  8742 | D:9      | Noticed Joseph
  8753 | D:9      | Killed Joseph
  8757 | D:9      | Reached skill level 1 in Fighting
  8850 | D:9      | Found an iron altar of Okawaru.
  8935 | D:9      | Identified the +7 shortbow of Uncomfortable Rashes {vorpal,
                  | Will+ Int+7}
  8978 | D:9      | Found Danohyu's Armour Emporium.
  8978 | D:9      | Found a staircase to the Orcish Mines.
  8978 | D:9      | Found Bawkuw's Weapon Emporium.
  9033 | D:9      | Reached skill level 14 in Stealth
  9246 | D:9      | Noticed Maggie
  9256 | D:9      | Killed Maggie
  9837 | D:10     | Entered Level 10 of the Dungeon
  9892 | D:10     | Found a shadowy altar of Dithmenos.
  9902 | D:10     | Became a worshipper of Dithmenos the Shadowed
  9924 | D:10     | Reached XP level 11. HP: 48/50 MP: 27/27
 10226 | D:10     | Found a staircase to the Lair.
 10278 | D:10     | Reached skill level 5 in Dodging
 10638 | D:11     | Noticed Lodul
 10639 | D:11     | Killed Lodul
 10661 | D:11     | Found Hawnyocu's Weapon Boutique.
 10927 | D:11     | Noticed a two-headed ogre
 10933 | D:11     | Killed a two-headed ogre
 11097 | D:11     | Reached * piety under Dithmenos
 11104 | D:11     | Noticed a centaur warrior
 11110 | D:11     | Killed a centaur warrior
 11111 | D:11     | Reached skill level 15 in Stealth
 11123 | D:11     | Noticed a tengu warrior
 11124 | D:11     | Noticed a tengu warrior
 11126 | D:11     | Noticed an orc knight
 11131 | D:11     | Killed an orc knight
 11134 | D:11     | Killed a tengu warrior
 11135 | D:11     | Reached skill level 5 in Short Blades
 11136 | D:11     | Killed a tengu warrior
 11159 | D:11     | Noticed a stone giant
 11177 | D:11     | Identified the +0 crystal plate armour "Gowemuto" {Harm}
 11251 | D:11     | Noticed a deep elf pyromancer
 11258 | D:11     | Killed a deep elf pyromancer
 11266 | D:11     | Noticed an ettin
 11270 | D:11     | Killed an ettin
 11271 | D:11     | Reached XP level 12. HP: 58/58 MP: 29/29
 11278 | D:11     | Identified the ring "Afofru" {rC+ Will+ Stlth+}
 11307 | D:11     | Noticed a boulder beetle
 11308 | D:11     | Noticed a fire giant
 11314 | D:11     | Killed a boulder beetle
 11315 | D:11     | Noticed a frost giant
 11320 | D:11     | Noticed an anaconda
 11662 | D:12     | Noticed a six-headed hydra
 11687 | D:12     | Killed a six-headed hydra
 11772 | D:12     | Found Byrghith's General Store.
 11841 | D:12     | Reached skill level 16 in Stealth
 11914 | D:12     | Found Sioth's Weapon Boutique.
 12502 | D:13     | Noticed a four-headed hydra
 12521 | D:13     | Killed a four-headed hydra
 12730 | D:13     | Reached ** piety under Dithmenos
 12792 | D:13     | Noticed a two-headed ogre
 12805 | D:13     | Killed a two-headed ogre
 13187 | D:13     | Noticed a seven-headed hydra
 13190 | D:13     | Killed a seven-headed hydra
 13191 | D:13     | Reached skill level 5 in Fighting
 13318 | D:13     | Found a gate to the Vaults.
 13318 | D:13     | Noticed a vault guard
 13321 | D:13     | Killed a vault guard
 13447 | D:13     | Noticed a centaur warrior
 13455 | D:13     | Killed a centaur warrior
 13696 | D:13     | Reached XP level 13. HP: 63/63 MP: 31/31
 13744 | D:14     | Reached *** piety under Dithmenos
 13762 | D:14     | Learned a level 2 spell: Blink
 13770 | D:14     | Learned a level 7 spell: Enfeeble
 13837 | D:14     | Reached skill level 17 in Stealth
 14595 | D:11     | Noticed a storm dragon
 14595 | D:11     | Noticed an entropy weaver
 14595 | D:11     | a storm dragon changed into an entropy weaver
 14626 | Lair:1   | Entered Level 1 of the Lair of Beasts
 14693 | Lair:1   | Lost mutation: You occasionally lose the ability to drink
                  | potions when taking damage. [potion of mutation]
 14693 | Lair:1   | Lost mutation: You have large cloven feet. [potion of
                  | mutation]
 14693 | Lair:1   | Lost mutation: Potions are less effective at restoring your
                  | health. [potion of mutation]
 14953 | Lair:1   | Reached skill level 10 in Dodging
 15580 | Lair:2   | Found the +4 robe of Folly {Brilliance Will-∞ Int+8}
 15628 | Lair:2   | Found a hole to the Spider Nest.
 16099 | Lair:2   | Reached **** piety under Dithmenos
 16506 | Lair:2   | Reached skill level 15 in Hexes
 16628 | Lair:3   | Learned a level 3 spell: Stone Arrow
 16924 | Lair:3   | Lost mutation: You possess an exceptional clarity of mind.
                  | [potion of mutation]
 16924 | Lair:3   | Lost mutation: You are occasionally teleported next to
                  | monsters. [potion of mutation]
 16924 | Lair:3   | Gained mutation: You have hidden genetic potential. [potion
                  | of mutation]
 16924 | Lair:3   | Gained mutation: You are partially covered in iridescent
                  | scales. (AC +2) [potion of mutation]
 17082 | Lair:3   | Reached XP level 14. HP: 70/70 MP: 33/33
 17372 | Lair:3   | Found a staircase to the Swamp.
 17669 | D:8      | Bought a glowing cloak for 232 gold pieces
 17758 | D:7      | Bought a book of Hexes for 468 gold pieces
 17763 | D:7      | Learned a level 4 spell: Cause Fear
 17772 | D:7      | Learned a level 8 spell: Discord
 17952 | Lair:4   | Noticed Urug
 17957 | Lair:4   | Killed Urug
 18048 | Lair:4   | Identified the ring "Cehar" {rC+ Stlth+}
 18117 | Lair:4   | Reached skill level 18 in Stealth
 18296 | Lair:4   | Found a runed translucent door.
 18895 | Lair:5   | Entered Level 5 of the Lair of Beasts
 19042 | Lair:5   | Found a transporter.
 19188 | Lair:5   | Noticed CannotBeFrozen's ghost (journeyman DgWr)
 19312 | Lair:5   | Reached skill level 15 in Spellcasting
 19342 | Lair:5   | Reached ***** piety under Dithmenos
 19531 | Lair:5   | Gained mutation: Your flesh is cold resistant. (rC+)
                  | [hidden potential]
 19874 | Lair:5   | Found a corrupted altar of Lugonu.
 19874 | Lair:5   | Found a one-way gate to the infinite horrors of the Abyss.
 20018 | Lair:5   | Found a transporter.
 20239 | Lair:5   | Identified the +0 pair of boots "Immetage" {rN+ Int+2}
 20416 | Lair:5   | Reached skill level 10 in Short Blades
 20425 | Lair:5   | Reached XP level 15. HP: 75/75 MP: 35/35
 20434 | Lair:5   | Found a viscous altar of Jiyva.
 20436 | Lair:5   | Found a staircase to the Slime Pits.
 20749 | D:14     | Reached skill level 19 in Stealth
 21149 | D:14     | Noticed Nessos
 21152 | D:14     | Killed Nessos
 21263 | D:14     | Found an ornate altar of the Wu Jian Council.
 21339 | D:15     | Entered Level 15 of the Dungeon
 21508 | D:15     | Found a staircase to the Depths.
 22262 | D:15     | Found a sparkling altar of Nemelex Xobeh.
 22447 | Orc:1    | Entered Level 1 of the Orcish Mines
 23015 | Orc:2    | Entered Level 2 of the Orcish Mines
 23521 | Orc:2    | Found a staircase to the Elven Halls.
 23563 | Orc:2    | Gained mutation: You have sharp toenails. [hidden
                  | potential]
 23563 | Orc:2    | Lost mutation: You have hidden genetic potential. [hidden
                  | potential expressed]
 23587 | Orc:2    | Found Durof's General Store.
 23587 | Orc:2    | Found Qelod's Weapon Shoppe.
 23589 | Orc:2    | Found Xopusixzits's Assorted Antiques.
 23619 | Orc:2    | Found Ziepsuj's Assorted Antiques.
 23776 | Orc:2    | Reached ****** piety under Dithmenos
 24279 | Orc:2    | Bought a scroll of magic mapping for 82 gold pieces
 24286 | Orc:2    | Bought a scroll of vulnerability for 88 gold pieces
 24590 | Orc:2    | Found a shimmering blue altar of Sif Muna.
 24603 | Orc:2    | Got Sif Muna's Vellum of Orientation
 24922 | Orc:1    | Found a radiant altar of Vehumet.
 25047 | Orc:1    | Found a runed translucent door.
 25058 | Orc:1    | Identified the +2 plate armour of Gozag's Esteem {Dex+4
                  | SInv}
 25118 | Orc:1    | Noticed Nergalle
 25121 | Orc:1    | Killed Nergalle
 25310 | D:11     | Killed a frost giant
 25316 | D:11     | Slain by a stone giant

Illustrated notes

Levels and vault maps discovered:
D:1:      minmay_arrival_solitary_statue, layout_loops_corners,
          hellmonk_ecumenical_altar_leap_of_faith, serial_shops,
          nicolae_shop_waterfront
D:2:      layout_rooms, nrook_mini_vaults
D:3:      layout_basic, amcnicky_altar_gilded, kennysheep_path_1
D:4:      layout_basic, nicolae_ru_sacrificial_ziggurat,
          chequers_temple_overflow_statue_of_worship,
          minmay_temple_entry_offerings, columned_hall_lemuel, corexii_shack,
          uniq_natasha
D:5:      cheibrodos_quashed, layout_cave_pools, uniq_grinder,
          uniq_crazy_yiuf_cottage, uniq_prince_ribbit1
D:6:      layout_loops_ring, mainiacjoe_overflow_alcove_1
D:7:      layout_rooms, mainiacjoe_overflow_24_doors, serial_shops, shop_coins,
          kennysheep_generic_room_13
D:8:      layout_basic, nicolae_hepliaklqana_hazy_memory, serial_shops,
          shop_statue, kennysheep_mini_moat, shop, nicolae_inconvenience_store,
          lightli_orcish_oven, uniq_pikel, uniq_psyche, uniq_erica
D:9:      layout_stronghold, nicolae_overflow_hidden_temple, orc_david_3,
          uniq_joseph, uniq_maggie
D:10:     layout_roguey, nicolae_dithmenos_shadow_blocks, hive_lemuel
D:11:     minmay_tearing_corner, layout_cave_pools, serial_shops, shop,
          uniq_lodul
D:12:     layout_long_grid, serial_shops, shop_coins, nicolae_take_the_stairs,
          st_stairs_10
D:13:     lemuel_slime, layout_basic, david_vaults_5
D:14:     layout_roguey, nzn_wu_jian_council_hall, special_room
          [special_room_bee], uniq_nessos
D:15:     grunt_enter_depths_snipers, layout_stronghold,
          nemelex_xobeh_ov_fountains_minmay
Temple:   nicolae_temple_ecumenical_triangle
Lair:1:   layout_cave_pods, grunt_megastairs_4, serial_bayou_shore_a
Lair:2:   layout_chaotic_city, spider_nest_entry_funnel_web,
          dreamdust_deal_with_the_devil, grunt_megastairs_1
Lair:3:   layout_cave_pods, nicolae_swamp_entry_splash_gauntlet,
          fungi_pond_lemuel, beast_lair_carwin_3
Lair:4:   gammafunk_indiana_jones, layout_hall_layers, pf_torpor_hydra,
          uniq_urug
Lair:5:   hellmonk_lair_end_abyssal_woods, layout_loops_ring,
          minmay_slime_entry_oklob_enclosed, gammafunk_ghost_wrathful_warriors,
          patterned_corridor
Orc:1:    dreamdust_dug_too_deep, layout_caves, portal_ice_cave_entry_pillars_2,
          basic_altar, bh_open_orc_temple, uniq_nergalle
Orc:2:    st_orc_rangers, layout_caves, led_sif_book

Skill      XL: |  1  2  3  4  5  6  7  8  9 10 11 12 13 14 15 |
---------------+----------------------------------------------+-----
Spellcasting   | 3 4 5 6 7 8 10 11 12 13 14 15 | 15.9
Hexes          | 4 5 6 7 9 10 11 12 13 15 16 17 | 17.8
Stealth        | 5 7 8 10 12 14 15 16 17 18 19 | 19.7
Dodging        | 4 7 9 10 12 | 12.9
Fighting       | 2 4 5 6 7 8 |  8.2
Short Blades   | 3 5 7 8 10 | 10.9

Action                   |  1- 3 |  4- 6 |  7- 9 | 10-12 | 13-15 || total
-------------------------+-------+-------+-------+-------+-------++-------
Melee: Dagger            |   129 |    53 |   185 |   425 |  1173 ||  1965
       Kick              |     5 |     8 |    65 |   148 |   128 ||   354
       Punch             |     1 |       |     3 |     4 |    20 ||    28
 Cast: Ensorcelled Hiber |    11 |    16 |    29 |    99 |   181 ||   336
       Tukima's Dance    |       |     3 |    21 |    16 |    66 ||   106
       Confusing Touch   |       |     1 |     7 |    18 |    20 ||    46
       Dazzling Flash    |       |       |       |     2 |    28 ||    30
Invok: Shadow Step       |       |       |       |       |     8 ||     8
 Abil: Evoke Blink       |       |       |       |       |     1 ||     1
Evoke: Wand              |       |       |       |       |    16 ||    16
  Use: Scroll            |     6 |     8 |     5 |     9 |     6 ||    34
       Potion            |     1 |     1 |     1 |     4 |     9 ||    16
 Stab: Sleeping          |    23 |    15 |    23 |    88 |   212 ||   361
       Confused          |       |     1 |     5 |    17 |    17 ||    40
       Distracted        |       |     1 |       |       |     8 ||     9
       Invisible         |       |       |       |     4 |    26 ||    30
Armor: Robe              |    10 |     3 |    27 |    71 |   182 ||   293
Dodge: Dodged            |    82 |    47 |   208 |   330 |  1156 ||  1823

Table legend: (Time is in decaauts)
 A = Elapsed time spent in this place.
 B = Non-inter-level travel time spent in this place.
 C = Inter-level travel time spent in this place.
 D = Time resting spent in this place.
 E = Time spent auto-exploring this place.
 F = Levels seen in this place.
 G = Mean time per level.
                   A        B        C        D        E       F      G
               +--------+--------+--------+--------+--------+-----+--------+
         Total |  18242 |  17260 |    982 |    899 |  12246 |  23 |  793.1 |
       Dungeon |  12536 |  11852 |    684 |    698 |   8692 |  15 |  835.7 |
        Temple |     39 |     31 |      8 |      0 |     10 |   1 |   39.0 |
          Lair |   3745 |   3544 |    201 |     42 |   2437 |   5 |  749.0 |
  Orcish Mines |   1921 |   1834 |     87 |    158 |   1106 |   2 |  960.5 |
               +--------+--------+--------+--------+--------+-----+--------+

Top non-repeatable levels by time:
     D:1: 1171 daAuts
  Lair:5: 1126 daAuts
     D:9: 1089 daAuts
    D:14: 1072 daAuts
    D:13: 1034 daAuts
   Orc:2: 998 daAuts
   Orc:1: 922 daAuts
     D:7: 917 daAuts
     D:3: 912 daAuts
     D:4: 862 daAuts
     D:8: 839 daAuts
    D:10: 813 daAuts
     D:5: 793 daAuts
  Lair:2: 709 daAuts
     D:2: 657 daAuts
